 Dungeon Crawl Stone Soup version 0.22.0-36-g8e74550 (webtiles) character file.

106 rhythmandbruise the Ruffian (level 4, -3/36 HPs)
             Began as a Draconian Transmuter on Aug 25, 2018.
             Slain by a gnoll
             ... wielding a cursed -1 whip
              (8 damage)
             ... on level 3 of the Dungeon.
             The game lasted 00:09:37 (2727 turns).

rhythmandbruise the Ruffian (Draconian Transmuter)  Turns: 2727, Time: 00:09:37

Health: -3/36      AC:  5    Str: 12    XL:     4   Next: 55%
Magic:  2/7        EV: 12    Int: 15    God:
Gold:   135        SH:  0    Dex: 11    Spells: 4/7 levels left

rFire    . . .     SeeInvis .     - Unarmed
rCold    . . .     Gourm    .   (no shield)
rNeg     . . .     Faith    .   (armour unavailable)
rPois    .         Spirit   .   (helmet restricted)
rElec    .         Reflect  .   (no cloak)
rCorr    +         Harm     .   (no gloves)
MR       .....                  (no boots)
Stlth    +.........             (no amulet)
HPRegen  0.12/turn              k - ring of resist corrosion
MPRegen  0.10/turn              (no ring)

@: no status effects
A: unfitting armour, cold-blooded, AC +5
a: no special abilities


You were on level 3 of the Dungeon.
You were hungry.

You visited 1 branch of the dungeon, and saw 3 of its levels.

You collected 135 gold pieces.

Inventory:

Hand Weapons
 g - a +1 hunting sling of freezing
Missiles
 a - 25 arrows
 b - 21 stones (quivered)
 f - 64 sling bullets
Jewellery
 k - a ring of resist corrosion (left hand)
Scrolls
 e - 3 scrolls of remove curse {unknown}
 h - a scroll of noise {unknown}
 i - a scroll of immolation {unknown}
 j - a scroll of enchant weapon {unknown}
 l - a scroll of random uselessness {unknown}
 m - a scroll of enchant armour {unknown}
 o - a scroll of identify {unknown}
 p - a scroll of teleportation {unknown}
Potions
 d - a potion of mutation {unknown}
Comestibles
 c - 4 rations
 n - 4 chunks of flesh


   Skills:
 + Level 1.7 Fighting
 + Level 2.1 Dodging
 + Level 4.2 Unarmed Combat
 - Level 2.0 Spellcasting
 - Level 3.2 Transmutations


You had 4 spell levels left.
You knew the following spells:

 Your Spells              Type           Power        Failure   Level  Hunger
a - Beastly Appendage     Tmut           ##....       6%          1    #......
b - Sticks to Snakes      Tmut           ##......     9%          2    ###....

Your spell library contained the following spells:

 Spells                   Type           Power        Failure   Level  Hunger
 Spider Form              Tmut/Pois      #.........   34%         3    ###....
 Ice Form                 Ice/Tmut       #.......     75%         4    #####..
 Blade Hands              Tmut           ##........   86%         5    ######.


Dungeon Overview and Level Annotations

Branches:
Dungeon (3/15)

Altars:
Cheibriados
Dithmenos
Nemelex Xobeh


Innate Abilities, Weirdness & Mutations

Your plain brown scales are hard. (AC +5)
You cannot fit into any form of body armour.
You are cold-blooded and may be slowed by cold attacks.


Message History

Your talons disappear.
The goblin unwields an uncursed mace.
The goblin wields a hunting sling.
The goblin shoots a stone.
The stone closely misses you.
You see here a stone.
Casting: Sticks to Snakes (safe; 9% risk of failure)
Confirm with . or Enter, or press ? or * to list all spells.
You create a snake!
You now have 25 arrows.
The goblin shoots a stone.
The stone hits you but does no damage.
The goblin shoots a stone.
The stone hits you but does no damage.
You see here a stone.
Your adder bites the gnoll.
The gnoll hits your adder with an enchanted whip.
Throwing (i - inventory)
b - 21 stones (quivered)
Press: ? - help, Shift-Dir - straight line, f - gnoll
Aim: a gnoll, wielding an enchanted whip (moderately wounded, fast) Really fire in your adder's direction?
Okay, then.
The gnoll is no longer moving quickly.
The gnoll hits you with an enchanted whip!
You die...

...................
.......#............
.......<.....###....
....#####...........
...###..............
.............[.....
.......(........##....
................# ....
....>..†.@gS....# ....
...####.#...(..<..#.....
......?#......(....#.....
.......###.#...g........(
[......###.##...(........
........##.######g.......
.....?.?##.##....†.......
........##.##..>.........
#......)).#............


You could see 2 gnolls, a goblin and a friendly adder.

Vanquished Creatures
  A worker ant (D:2)
  An adder (D:2)
  A worm (D:3)
  2 dart slugs
  2 leopard geckos
  A ball python (D:1)
  A giant cockroach (D:1)
  3 goblins
  9 hobgoblins
  5 kobolds
  A quokka (D:2)
  4 bats
  3 frilled lizards
  16 rats
50 creatures vanquished.

Vanquished Creatures (collateral kills)
  2 gnolls
  A giant cockroach (D:3)
3 creatures vanquished.

Grand Total: 53 creatures vanquished

Notes
Turn   | Place    | Note
-------+----------+-------------------------------------------
     0 | D:1      | rhythmandbruise the Draconian Transmuter began the quest for the Orb.
     0 | D:1      | Reached XP level 1. HP: 16/16 MP: 3/3
    55 | D:1      | Reached XP level 2. HP: 3/23 MP: 3/5
   682 | D:1      | Reached skill level 4 in Unarmed Combat
  1012 | D:1      | Found a sparkling altar of Nemelex Xobeh.
  1031 | D:1      | Reached XP level 3. HP: 28/28 MP: 4/6
  1205 | D:1      | Learned a level 2 spell: Sticks to Snakes
  1829 | D:2      | Reached XP level 4. HP: 24/35 MP: 5/7
  2516 | D:2      | Found a snail-covered altar of Cheibriados.
  2535 | D:2      | Found a shadowy altar of Dithmenos.
  2727 | D:3      | Slain by a gnoll

Skill      XL: |  1  2  3 |
---------------+----------+-----
Unarmed Combat | 4 |  4.2
Transmutations | 3 |  3.2
Dodging        | 2 |  2.1
Fighting       | |  1.7
Spellcasting   | |  2.0

Action                   |  1- 3 |  4- 6 || total
-------------------------+-------+-------++-------
Melee: Unarmed           |   130 |    33 ||   163
       Kick              |     6 |     3 ||     9
       Tailslap          |    11 |     3 ||    14
       Headbutt          |     5 |     1 ||     6
 Cast: Beastly Appendage |    14 |     5 ||    19
       Sticks to Snakes  |     3 |     3 ||     6
  Eat: Chunk             |     3 |     3 ||     6
Armor: Skin              |    28 |     8 ||    36
Dodge: Dodged            |    77 |    29 ||   106
